 Dungeon Crawl Stone Soup version 0.29.1-12-g30fa7ad0bf (webtiles) character file.

Game seed: 15738423334046570812

1940 soggyman666 the Fighter (level 8, -1/86 HPs)
             Began as a Minotaur Fighter on Dec 28, 2022.
             Was an Initiate of Trog.
             Slain by a two-headed ogre
             ... wielding a +0 great mace
              (14 damage)
             ... on level 6 of the Dungeon.
             The game lasted 00:11:05 (5581 turns).

soggyman666 the Fighter (Minotaur Fighter)          Turns: 5581, Time: 00:11:07

Health: -1/86      AC:  9    Str: 23    XL:     8   Next: 98%
Magic:  7/7        EV: 11    Int:  5    God:    Trog [......]
Gold:   244        SH:  4    Dex: 10    Spells: 7/7 levels left

rFire   . . .      SeeInvis .   v - +2 broad axe (elec)
rCold   . . .      Faith    .   c - +0 buckler
rNeg    . . .      Spirit   .   C - +0 troll leather armour
rPois   .          Reflect  .   (helmet restricted)
rElec   .          Harm     .   (no cloak)
rCorr   .          Rampage  ∞   (no gloves)
Will    +....                   u - +3 pair of seven-league boots {Rampage+∞}
Stlth   +.........              (no amulet)
HPRegen 1.04/turn               n - ring of willpower
MPRegen 0.10/turn               (no ring)

@: about to teleport, studying Fighting
A: horns 2, retaliatory headbutt
a: Renounce Religion


You were on level 6 of the Dungeon.
You worshipped Trog.
Trog was noncommittal.
You visited 2 branches of the dungeon, and saw 7 of its levels.

You collected 244 gold pieces.

Inventory:

Hand Weapons
 j - a +1 vorpal hand axe
 t - a +2 mace of draining
 v - a +2 broad axe of electrocution (weapon)
 w - a +2 flail of holy wrath
Missiles
 s - 10 poisoned darts (quivered)
Armour
 c - a +0 buckler (worn)
 u - the +3 pair of seven-league boots (worn) {Rampage+∞}
   (You acquired it on level 3 of the Dungeon)

   Its wearer moves as far as possible in that direction when moving towards
   enemies.
 y - a +0 pair of boots
 C - a +0 troll leather armour (worn)
 H - a +0 plate armour
Jewellery
 b - a ring of fire
 n - a ring of willpower (left hand)
Wands
 D - a wand of digging (7)
 G - a wand of flame (24)
Scrolls
 a - a scroll of blinking {unknown}
 e - 2 scrolls of vulnerability
 f - 2 scrolls of teleportation
 g - a scroll of magic mapping {unknown}
 h - a scroll of noise {unknown}
 o - 2 scrolls of enchant armour {unknown}
 q - a scroll of summoning {unknown}
 B - 2 scrolls of identify
 F - 3 scrolls of fog {unknown}
Potions
 d - a potion of might
 i - 2 potions of brilliance
 k - a potion of berserk rage {unknown}
 l - a potion of heal wounds {unknown}
 m - a potion of ambrosia {unknown}
 p - 2 potions of haste {unknown}
 r - a potion of resistance {unknown}
 x - 2 potions of mutation {unknown}
 z - a potion of degeneration {unknown}
 A - a potion of curing {unknown}
 E - a potion of invisibility {unknown}


   Skills:
 - Level 13.6 Fighting
 - Level 9.2 Axes
 + Level 4.6 Armour
 - Level 2.5 Dodging
 + Level 4.6 Shields


You had 7 spell levels left.
You didn't know any spells.
Your spell library contained the following spells:

 Spells                   Type           Power      Damage    Failure   Level
 Slow                     Hex            0%         N/A       61%         1
 Scorch                   Fire           0%         2d5       75%         2
 Confusing Touch          Hex            0%         N/A       93%         3
 Ignite Poison            Fire/Tmut/Pois 0%         N/A       93%         3
 Mephitic Cloud           Conj/Pois/Air  0%         N/A       93%         3
 Vampiric Draining        Necr           0%         2d6       93%         3
 Flame Wave               Conj/Fire      0%         2d4       100%        4
 Freezing Cloud           Conj/Ice/Air   0%         6-21      100%        5
 Summon Cactus Giant      Summ           0%         N/A       100%        6


Dungeon Overview and Level Annotations

Branches:
Dungeon (6/15)             Temple (1/1) D:5

Altars:
Ashenzari
Dithmenos
Elyvilon
Fedhas
Nemelex Xobeh
Qazlal
Sif Muna
Trog
Uskayaw
Vehumet
Wu Jian
Yredelemnul
Zin
The Shining One

Shops:
D:6 (

Annotations:
D:4 1 runed translucent door


Innate Abilities, Weirdness & Mutations

You have a pair of horns on your head.
You reflexively headbutt those who attack you in melee.


Message History

You now have 244 gold pieces (gained 17).
You see here a +0 chain mail.
Found a stone staircase leading up.
There is a stone staircase leading up here.
A hound comes into view.
The hound barks!
You stride towards the hound! 2 wights and a two-headed ogre come into view.
Found a scroll of identify.
You slash the hound!
You kill the hound!
Trog accepts your kill.
The two-headed ogre shouts in stereo!
You hit the two-headed ogre. You headbutt the two-headed ogre!
The two-headed ogre is moderately wounded.
The two-headed ogre hits you with a +0 great mace!!
The two-headed ogre hits you with a +0 giant club!
You slash the two-headed ogre! You headbutt the two-headed ogre.
The two-headed ogre is heavily wounded.
The two-headed ogre hits you with a +0 great mace!
The two-headed ogre misses you.
You slash the two-headed ogre!
The two-headed ogre is severely wounded.
The two-headed ogre hits you with a +0 great mace!!
* * * LOW HITPOINT WARNING * * *
You block the two-headed ogre's attack.
You are too injured to fight recklessly!
You are too injured to fight recklessly!
You are too injured to fight recklessly!
Unknown command.
You are too injured to fight recklessly!
As you read the scroll of teleportation, it crumbles to dust.
You feel strangely unstable. The wight hits you with a +0 flail.
* * * LOW HITPOINT WARNING * * *
You slash the two-headed ogre!
The two-headed ogre is almost dead.
You closely miss the wight.
The two-headed ogre hits you with a +0 great mace!
* * * LOW HITPOINT WARNING * * *
The two-headed ogre hits you with a +0 giant club!
You die...

#..########.#
#.#
...#...<....#
#.#
###.#.########
#.#.# #.#.#
#.#.#
######.#.#
.......O.#
#####.@.# #.z.#
#.z.#
.......†.......
######?..^...?.
...######.
#.#.# .....
#..#.#


You could see a two-headed ogre and 2 wights.

Vanquished Creatures
  Pikel (D:5)
  A troll (D:5)
  Grinder (D:5)
  Eustachio (D:5)
  An ogre (D:4)
  Blork the orc (D:6)
  A bullfrog (D:6)
  2 necrophages
  A howler monkey (D:6)
  4 hounds
  4 orc priests
  Natasha (thrice) (D:2)
  3 orc wizards
  9 adders
  An ufetubus (D:5)
  2 worms
  A dart slug (D:5)
  13 orcs
  8 ball pythons
  A bat (D:2)
  3 endoplasms
  4 giant cockroaches
  7 goblins
  6 hobgoblins
  5 jackals
  4 quokkas
  2 frilled lizards
  A goblin skeleton (D:4)
  A jackal skeleton (D:4)
  A kobold (D:4)
  2 rats (D:1)
95 creatures vanquished.

Notes
Turn   | Place    | Note
-------+----------+-------------------------------------------
     0 | D:1      | soggyman666 the Minotaur Fighter began the quest for the
                  | Orb.
     0 | D:1      | Reached XP level 1. HP: 19/19 MP: 0/0
    66 | D:1      | Found a faded altar of an unknown god.
   727 | D:1      | Reached XP level 2. HP: 26/26 MP: 1/1
  1028 | D:2      | Reached XP level 3. HP: 31/31 MP: 2/2
  1249 | D:2      | Noticed Natasha
  1253 | D:2      | Killed Natasha
  1254 | D:2      | Reached skill level 5 in Axes
  1254 | D:2      | Reached XP level 4. HP: 32/39 MP: 3/3
  1630 | D:2      | Noticed Natasha
  1634 | D:2      | Killed Natasha
  2133 | D:2      | Noticed Natasha
  2141 | D:2      | Killed Natasha
  2326 | D:3      | Reached XP level 5. HP: 45/45 MP: 4/4
  2687 | D:3      | Identified 3 scrolls of acquirement
  2688 | D:3      | Acquired the +3 pair of seven-league boots {Rampage+∞}
  2688 | D:3      | Found the +3 pair of seven-league boots {Rampage+∞}
  2695 | D:3      | Acquired a +2 broad axe of electrocution
  2699 | D:3      | Acquired a manual of Fighting
  2735 | D:3      | Reached skill level 4 in Fighting
  2740 | D:3      | Reached skill level 5 in Fighting
  3184 | D:4      | Reached skill level 6 in Fighting
  3184 | D:4      | Reached XP level 6. HP: 57/57 MP: 5/5
  3473 | D:4      | Found a runed translucent door.
  3473 | D:4      | Noticed a human
  3477 | D:4      | Found a basalt altar of Yredelemnul.
  3503 | D:4      | Reached skill level 7 in Fighting
  3524 | D:4      | Reached skill level 1 in Dodging
  3738 | D:4      | Reached skill level 8 in Fighting
  3954 | D:4      | Found a shimmering blue altar of Sif Muna.
  4251 | D:5      | Entered Level 5 of the Dungeon
  4296 | D:5      | Found a glowing silver altar of Zin.
  4344 | D:5      | Reached XP level 7. HP: 63/68 MP: 6/6
  4372 | D:5      | Noticed Eustachio
  4375 | D:5      | Killed Eustachio
  4376 | D:5      | Reached skill level 9 in Fighting
  4488 | D:5      | Found a staircase to the Ecumenical Temple.
  4508 | D:5      | Noticed a troll
  4510 | D:5      | Killed a troll
  4511 | D:5      | Reached skill level 10 in Fighting
  4539 | Temple   | Entered the Ecumenical Temple
  4588 | Temple   | Became a worshipper of Trog the Wrathful
  4653 | D:5      | Noticed Grinder
  4658 | D:5      | Killed Grinder
  4659 | D:5      | Reached skill level 11 in Fighting
  4659 | D:5      | Reached XP level 8. HP: 82/82 MP: 7/7
  4968 | D:5      | Noticed Pikel
  4977 | D:5      | Killed Pikel
  4978 | D:5      | Reached skill level 13 in Fighting
  5371 | D:6      | Noticed Blork the orc
  5375 | D:6      | Killed Blork the orc
  5448 | D:6      | Found Ywoituj's Antique Weapon Shoppe.
  5574 | D:6      | Noticed a two-headed ogre
  5581 | D:6      | Slain by a two-headed ogre

Illustrated notes

Levels and vault maps discovered:
D:1:      sevenhm_arrival_forest_fort_small_6, layout_loops_corners,
          hellmonk_ecumenical_altar_arch_garden
D:2:      layout_basic, uniq_natasha
D:3:      layout_basic, serial_corexii_hall, corexii_hall_statues_x,
          corexii_hall_statues_deadend, amcnicky_mini_corridor_feature,
          minmay_pentomino_pile
D:4:      layout_loops_corners, lemuel_blue_sif_altar, dk_yredelemnul_ordeal,
          corexii_corridor_pit
D:5:      layout_basic, mainiacjoe_overflow_alcove_2, minmay_temple_entry_mist,
          minmay_parallelograms, minivault_11, uniq_pikel, uniq_grinder,
          uniq_eustachio
D:6:      layout_loops_ring, serial_shops, shop, uniq_blork_the_orc
Temple:   regret_index_temple_waves

Skill      XL: |  1  2  3  4  5  6  7  8 |
---------------+-------------------------+-----
Axes           | 3 4 5 6 7 8 9 |  9.2
Fighting       | 6 8 11 13 | 13.6
Dodging        | 1 2 |  2.5
Armour         | 4 |  4.6
Shields        | 4 |  4.6

Action                   |  1- 3 |  4- 6 |  7- 9 || total
-------------------------+-------+-------+-------++-------
Melee: War axe           |    46 |    48 |       ||    94
       Headbutt          |     3 |    10 |     9 ||    22
       Broad axe         |       |    59 |    41 ||   100
       Mace              |       |       |     7 ||     7
  Use: Scroll            |       |     7 |     1 ||     8
Armor: Scale mail        |    16 |    46 |     2 ||    64
       Troll leather arm |       |       |     8 ||     8
Dodge: Dodged            |    22 |    43 |    11 ||    76
Block: Buckler           |     7 |    16 |     6 ||    29
